 Dungeon Crawl Stone Soup version 0.22-a0-392-g5dc3fd9 (webtiles) character file.

1025 4thArraOfDagon the Skirmisher (level 8, -2/78 HPs)
             Began as a Deep Dwarf Wanderer on May 2, 2018.
             Killed by nerve-wracking pain
             ... invoked by a shadow imp
              (12 damage)
             ... on level 6 of the Dungeon.
             The game lasted 00:06:34 (1277 turns).

4thArraOfDagon the Skirmisher (Deep Dwarf Wanderer) Turns: 1277, Time: 00:06:35

Health: -2/78      AC:  7    Str: 19    XL:     8   Next: 2%
Magic:  16/16      EV: 10    Int: 12    God:
Gold:   156        SH:  0    Dex: 12    Spells: 7/7 levels left

rFire    . . .     SeeInvis .   m - +0 war axe
rCold    . . .     Gourm    .   (no shield)
rNeg     . . .     Faith    .   i - +0 ring mail
rPois    .         Spirit   .   (no helmet)
rElec    .         Reflect  .   (no cloak)
rCorr    .         Harm     .   t - +0 pair of gloves
MR       +....                  s - +0 pair of boots
Stlth    +.........             (no amulet)
HPRegen  0.00/turn              r - ring of magical power
MPRegen  0.15/turn              (no ring)

@: non-regenerating
A: damage resistance, heal wounds, sense surroundings 1, no regeneration
a: Heal Wounds


You were on level 6 of the Dungeon.
You were not hungry.

You visited 2 branches of the dungeon, and saw 7 of its levels.
You also visited: Ossuary.

You collected 156 gold pieces.

Inventory:

Hand Weapons
 a - a +2 hand crossbow
 g - a +0 spear
 l - a +0 hand axe
 m - a +0 war axe (weapon)
 q - a +0 hand axe of chopping
Missiles
 b - 6 bolts
 p - a throwing net (quivered)
Armour
 c - a +0 ring mail
 i - a +0 ring mail (worn)
 s - a +0 pair of boots (worn)
 t - a +0 pair of gloves (worn)
Jewellery
 r - a ring of magical power (left hand)
Scrolls
 e - a scroll of random uselessness {unknown}
 h - a scroll of identify
 j - a scroll of fog
 n - a scroll of enchant weapon {unknown}
 u - 2 scrolls of remove curse
Potions
 d - a potion of lignification
 k - 3 potions of flight
Comestibles
 f - 3 rations
 o - 2 chunks of flesh


   Skills:
 + Level 6.8 Fighting
 * Level 6.2(6.3) Axes
   Level 1.0(3.6) Maces & Flails
 - Level 4.3 Crossbows
 - Level 1.1 Armour
   Level 2.1 Shields


You had 7 spell levels left.
You didn't know any spells.

Dungeon Overview and Level Annotations

Branches:
Dungeon (6/15)             Temple (1/1) D:4

Altars:
Ashenzari
Dithmenos
Elyvilon
Fedhas
Gozag
Hepliaklqana
Kikubaaqudgha
Nemelex Xobeh
Qazlal
Ru
Sif Muna
Uskayaw
Vehumet
Wu Jian
Yredelemnul
Zin
The Shining One

Annotations:
D:2 Terence


Innate Abilities, Weirdness & Mutations

You are resistant to damage.
You can heal yourself by infusing magical energy.
You passively map a small area around you.
You do not regenerate.


Message History

You are no longer poisoned.
As you read the scroll labeled RALOKE SUMIQ, it crumbles to dust.
The scroll dissolves into smoke.
It was a scroll of fog.
As you read the scroll labeled NENAMM XUNE, it crumbles to dust.
It is a scroll of identify.
u - 2 scrolls of remove curse Eat one of 5 chunks of flesh? (ye/n/q)
You eat one of the 5 chunks of flesh.
This raw flesh tastes terrible.
Some of the chunks of flesh in your inventory have rotted away.
You see here a rapier.
Found an escape hatch in the floor.
Found a brass wand.
Found a trident.
A scorpion and a shadow imp come into view.
The shadow imp shouts!
Found 21 stones.
Unknown command.
The shadow imp gestures at you. Pain shoots through your body!
You die...

.......)....(.##..# , *
*............#.....#
*#######...........# * ,
,,.. ###.####....# *
#####.####.##...<..#####
...(...#......#........#
.......#...####......#..
.........### ####..## ,
#......@.# #..## , ,
........## ##...###
###....## #.......
...../5 #.......
#.)s...* #....... ,
....... #.......
,,,....... #...#<.. *
......# #...#...
#...#...


You could see a scorpion and a shadow imp.

Vanquished Creatures
  The ghost of VDreamerV the Changer, a novice OpTm (D:5)
  Menkaure (D:4)
  2 centaurs (D:5)
  A bullfrog (D:6)
  Blork the orc (D:5)
  A howler monkey (D:4)
  A crimson imp (D:5)
  2 hounds
  A bullfrog skeleton (D:4)
  An iguana (D:6)
  2 worker ants
  A hound zombie (D:4)
  6 adders
  An ooze (D:6)
  An adder skeleton (D:4)
  A dart slug (D:1)
  3 leopard geckos
  10 orcs
  A ball python (D:5)
  A giant cockroach (D:4)
  4 goblins
  3 hobgoblins
  8 jackals
  4 quokkas
  A rat (D:1)
59 creatures vanquished.

Notes
Turn   | Place    | Note
-------+----------+-------------------------------------------
     0 | D:1      | 4thArraOfDagon the Deep Dwarf Wanderer began the quest for the Orb.
     0 | D:1      | 4thArraOfDagon set off with: a +2 hand crossbow, 22 bolts, a +0 ring mail, a potion of lignification, a ration
     0 | D:1      | Reached XP level 1. HP: 19/19 MP: 1/1
    87 | D:1      | Reached XP level 2. HP: 27/27 MP: 2/2
   163 | D:2      | Noticed Terence
   245 | D:3      | Reached XP level 3. HP: 31/34 MP: 3/3
   423 | D:4      | Reached XP level 4. HP: 38/44 MP: 4/4
   461 | D:4      | Found a staircase to the Ecumenical Temple.
   478 | Temple   | Entered the Ecumenical Temple
   611 | D:4      | Found a sand-covered staircase.
   638 | Ossuary  | Entered an ossuary
   678 | D:5      | Entered Level 5 of the Dungeon
   684 | D:5      | Noticed a centaur
   684 | D:5      | Reached XP level 5. HP: 29/51 MP: 5/5
   691 | D:5      | Killed a centaur
   691 | D:5      | Reached skill level 5 in Fighting
   767 | D:5      | Noticed Blork the orc
   772 | D:5      | Killed Blork the orc
   772 | D:5      | Reached skill level 1 in Axes
   772 | D:5      | Reached XP level 6. HP: 24/62 MP: 6/6
   818 | D:5      | Noticed VDreamerV's ghost (novice OpTm)
   854 | D:5      | Killed VDreamerV's ghost
   854 | D:5      | Reached XP level 7. HP: 50/69 MP: 6/6
   990 | D:4      | Noticed Menkaure
  1009 | D:4      | Reached skill level 5 in Axes
  1025 | D:4      | Killed Menkaure
  1171 | D:6      | Reached XP level 8. HP: 14/78 MP: 7/7
  1277 | D:6      | Killed from afar by a shadow imp

Vault maps used:
D:1:      dpeg_arrival_arbitrary_c, minivault_23, solitary_fountain
D:2:      first_ration, minivault_11, uniq_natasha, uniq_sigmund, uniq_terence
D:3:      fedhas_altar_4
D:4:      minmay_temple_entry_statues_pillars,
          lightli_ossuary_entry_decrepit_ruins, uniq_menkaure
D:5:      kennysheep_generic_room_12, uniq_blork_the_orc
D:6:      serial_co_window_serial, co_window_paths_a, co_window_paths_a,
          co_window_corner_a, co_window_paths_b, co_window_corner_a,
          co_window_paths_a, co_window_paths_b, co_window_2corner,
          co_window_corner_b, co_window_of_opportunity_b, co_window_broadway_b,
          co_window_broadway_c
Temple:   regret_index_temple_mists
Ossuary:  ossuary_minmay_scorpions

Skill      XL: |  1  2  3  4  5  6  7 |
---------------+----------------------+-----
Fighting       | 2 3 4 5 6 |  6.8
Axes           | 1 4 6 |  6.2
Maces & Flails | |  1.0
Crossbows      | |  4.3
Armour         | |  1.1
Shields        | |  2.1

Action                   |  1- 3 |  4- 6 |  7- 9 || total
-------------------------+-------+-------+-------++-------
Melee: Spear             |     2 |    38 |       ||    40
       War axe           |       |    22 |    63 ||    85
       Hand axe          |       |       |     6 ||     6
 Fire: Hand crossbow     |    48 |    28 |     7 ||    83
 Abil: Heal Wounds       |       |     5 |       ||     5
  Use: Scroll            |     1 |       |     2 ||     3
       Potion            |       |     2 |     1 ||     3
  Eat: Chunk             |       |       |     2 ||     2
Armor: Ring mail         |     9 |    19 |    28 ||    56
       Skin              |       |    59 |    27 ||    86
Dodge: Dodged            |     8 |    53 |    42 ||   103

Table legend:
 A = Spawn XP
 B = Non-spawn XP
 C = Spawn XP percentage of total XP
 D = Spawn monster count
 E = Non-spawn monster count
 F = Spawn count percentage of total count
 G = Total turns spent on level
                    A         B        C        D         E        F      G
               +---------+---------+-------+---------+---------+-------+---------
         Total |       0 |    1465 |   0.0 |       0 |      59 |   0.0 |  1277
               +---------+---------+-------+---------+---------+-------+---------
           D:1 |       0 |      16 |   0.0 |       0 |       7 |   0.0 |   159
           D:3 |       0 |      53 |   0.0 |       0 |       9 |   0.0 |   125
           D:4 |       0 |     382 |   0.0 |       0 |      15 |   0.0 |   373
           D:5 |       0 |     806 |   0.0 |       0 |      18 |   0.0 |   278
           D:6 |       0 |     208 |   0.0 |       0 |      10 |   0.0 |   192
               +---------+---------+-------+---------+---------+-------+---------
